 Dungeon Sprint DCSS version 0.19.5 (webtiles) character file.

1785 Snowbourne the Unseen (level 8, -12/35 (36) HPs)
             Began as a Spriggan Enchanter on May 12, 2017.
             Was a Follower of Dithmenos.
             Killed from afar by a death drake (16 damage)
             ... with a foul vapour
             ... in the Dungeon (Sprint II: "The Violet Keep of Menkaure").
             The game lasted 00:05:13 (956 turns).

Snowbourne the Unseen (Spriggan Enchanter)           Turns: 956, Time: 00:05:15

HP:   -12/35 (36)   AC:  3    Str:  4    XL:     8   Next: 81%
MP:   11/17         EV: 18    Int: 17    God:    Dithmenos [*.....]
Gold: 1053          SH:  0    Dex: 18    Spells: 5 memorised, 6 levels left

rFire  . . .     SeeInvis +     a - +1 dagger
rCold  . . .     Gourm    .     b - +1 robe
rNeg   . . .     Faith    .     (shield restricted)
rPois  .         Spirit   .     (helmet restricted)
rElec  .         Reflect  .     (no cloak)
rCorr  .         Harm     .     (gloves unavailable)
MR     +....     NoTele   +     (boots unavailable)
Stlth  +++++++++.               (no amulet)
                                (no ring)
                                (no ring)

@: lethally poisoned (-12 -> -90), slowed, wreathed by umbra, quick
A: unfitting armour, see invisible, herbivore 3, speed 3, slow metabolism 2
a: Renounce Religion


You were in the Dungeon.
You worshipped Dithmenos.
Dithmenos was aware of your devotion.
You were not hungry.

You visited 1 branch You collected 1053 gold pieces.

Inventory:

Hand Weapons
 a - a +1 dagger (weapon)
Armour
 b - a +1 robe (worn)
Scrolls
 j - a scroll of blinking
Potions
 g - a potion of haste
 h - a potion of magic
Books
 c - a book of Maledictions

   Spells                             Type                      Level
   a - Corona                         Hexes                        1
   b - Ensorcelled Hibernation        Hexes/Ice                    2
   c - Confuse                        Hexes                        3
   d - Tukima's Dance                 Hexes                        3
   e - Dazzling Spray                 Conjuration/Hexes            3
Comestibles
 d - a bread ration


   Skills:
 - Level 1.1 Short Blades
 - Level 3.0 Dodging
 + Level 19.9 Stealth
 - Level 5.7 Spellcasting
 + Level 15.4 Hexes


You had 6 spell levels left.
You knew the following spells:

 Your Spells              Type           Power        Failure   Level  Hunger
a - Corona                Hex            ######.      1%          1    None
b - Ensorcelled Hibernat  Hex/Ice        ####..       1%          2    #......
c - Confuse               Hex            ######..     1%          3    ##.....
d - Dazzling Spray        Conj/Hex       ####..       1%          3    ##.....
e - Tukima's Dance        Hex            ######..     1%          3    ##.....


Dungeon Overview and Level Annotations

Branches:
Dungeon (1/1)

Altars:
Cheibriados
Dithmenos
Elyvilon
Fedhas
Gozag
Hepliaklqana
Kikubaaqudgha
Makhleb
Nemelex Xobeh
Okawaru
Qazlal
Ru
Sif Muna
Trog
Uskayaw
Vehumet
Xom
Yredelemnul
Zin
The Shining One
Beogh
Jiyva
Lugonu


Innate Abilities, Weirdness & Mutations

You are very small and have problems with some larger weapons.
You are too small for most types of armour.
You have supernaturally acute eyesight. (SInv)
You are a herbivore.
You cover ground extremely quickly.
You need consume almost no food.


Message History

The foul vapour misses you. The death drake closely misses you.
Casting: Ensorcelled Hibernation
Confirm with . or Enter, or press ? or * to list all spells.
Aiming: Ensorcelled Hibernation
Press: ? - help, Shift-Dir - straight line, f/p - death drake
Aim: a death drake (foul pestilence, lightly wounded, catching its breath, umbra, chance to defeat MR: 42%)
The death drake looks drowsy...
You are engulfed in dark miasma.
You are more poisoned.
* * * LOW HITPOINT WARNING * * *
You feel extremely sick. The death drake breathes miasma at you.
The foul vapour misses you. The death drake misses you.
* * * LOW HITPOINT WARNING * * *
You feel very sick.
A bolt misses the swamp drake!
The death drake breathes miasma at you. The foul vapour engulfs you!
You are more poisoned.
You feel as though you will be slow longer.
You die... +++## ... ## ....# .. .# ##..# #. 8# .##.#### +.##k# #.#....# #...#### .####..## ##.k##.# !!$($

###.##..# +§^#..#▓[!$$)?
###..#..# #^§#..#▓"($[?(?[
.'.##+..####.k##@#▓$!(?(??=
###..#....###kk§##▓▓▓▓▓▓▓+
###.##.§....≈≈k≈≈≈≈≈≈≈≈≈≈
.####≈≈.....≈#+########+###
..#≈≈≈≈≈≈≈..≈#_._.....#≈≈≈##
.##≈≈≈≈≈§§≈.≈#._._....#§≈§§#
##≈≈≈≈≈≈≈§§≈≈#_._._...#≈§§§§
≈≈≈≈≈≈≈≈≈§≈≈≈#._._._..#§§t§§
+++#≈≈§≈≈≈§≈§#_._._._.#§§§§


You could see 2 death drakes and a swamp drake.

Vanquished Creatures
  A yaktaur (D)
  3 polar bears (D)
  2 hippogriffs (D)
  A hornet (D)
  4 necrophages (D)
  4 worker ants (D)
  3 worms (D)
18 creatures vanquished.

Vanquished Creatures (others)
  Menkaure (D)
  A crocodile (D)
2 creatures vanquished.

Grand Total: 20 creatures vanquished

Notes
Turn   | Place    | Note
-------+----------+-------------------------------------------
     0 | D        | Snowbourne the Spriggan Enchanter began the quest for the Orb.
     0 | D        | Reached XP level 1. HP: 9/9 MP: 5/5
     1 | D        | Noticed a worker ant
     1 | D        | Noticed a worker ant
     3 | D        | Noticed a worker ant
     3 | D        | Noticed a worker ant
    10 | D        | Killed a worker ant
    10 | D        | Reached skill level 7 in Stealth
    10 | D        | Reached XP level 2. HP: 12/13 MP: 6/8
    15 | D        | Reached skill level 8 in Stealth
    15 | D        | Reached skill level 5 in Hexes
    15 | D        | Reached XP level 3. HP: 12/16 MP: 7/10
    19 | D        | Reached skill level 9 in Stealth
    19 | D        | Reached skill level 5 in Spellcasting
    19 | D        | Reached XP level 4. HP: 14/21 MP: 8/12
    25 | D        | Reached skill level 10 in Stealth
    31 | D        | Killed a crocodile
   102 | D        | Killed Menkaure
   260 | D        | Learned a level 2 spell: Ensorcelled Hibernation
   264 | D        | Learned a level 3 spell: Confuse
   268 | D        | Learned a level 3 spell: Dazzling Spray
   272 | D        | Learned a level 3 spell: Tukima's Dance
   275 | D        | Noticed a necrophage
   275 | D        | Noticed a necrophage
   275 | D        | Noticed a necrophage
   275 | D        | Noticed a necrophage
   289 | D        | Killed a necrophage
   289 | D        | Reached skill level 12 in Stealth
   289 | D        | Reached XP level 5. HP: 19/23 MP: 8/14
   292 | D        | Killed a necrophage
   292 | D        | Reached skill level 13 in Stealth
   301 | D        | Killed a necrophage
   301 | D        | Reached skill level 14 in Stealth
   301 | D        | Reached skill level 10 in Hexes
   301 | D        | Reached XP level 6. HP: 15/26 MP: 3/15
   305 | D        | Noticed an orange crystal statue
   314 | D        | Reached skill level 15 in Stealth
   542 | D        | Noticed a hippogriff
   542 | D        | Noticed a hippogriff
   546 | D        | Killed a hippogriff
   546 | D        | Reached skill level 16 in Stealth
   546 | D        | Reached XP level 7. HP: 30/30 MP: 13/16
   548 | D        | Killed a hippogriff
   548 | D        | Reached skill level 17 in Stealth
   616 | D        | Noticed a flying skull
   617 | D        | Noticed a flying skull
   622 | D        | Found an iron altar of Okawaru.
   622 | D        | Found a radiant altar of Vehumet.
   623 | D        | Found a sparkling altar of Nemelex Xobeh.
   623 | D        | Found a hide-covered altar of Uskayaw.
   624 | D        | Found an opulent altar of Gozag.
   624 | D        | Found a burning altar of Makhleb.
   624 | D        | Found a bloodstained altar of Trog.
   624 | D        | Found a glowing golden altar of the Shining One.
   625 | D        | Found a blossoming altar of Fedhas.
   625 | D        | Found a corrupted altar of Lugonu.
   625 | D        | Found a glowing silver altar of Zin.
   625 | D        | Found a deep blue altar of Sif Muna.
   626 | D        | Found a white marble altar of Elyvilon.
   626 | D        | Found an ancient bone altar of Kikubaaqudgha.
   627 | D        | Found a shadowy altar of Dithmenos.
   627 | D        | Found a viscous altar of Jiyva.
   628 | D        | Found a snail-covered altar of Cheibriados.
   630 | D        | Found a roughly hewn altar of Beogh.
   630 | D        | Found a basalt altar of Yredelemnul.
   630 | D        | Found a sacrificial altar of Ru.
   630 | D        | Found a hazy altar of Hepliaklqana.
   630 | D        | Noticed a hornet
   630 | D        | Noticed a polar bear
   631 | D        | Noticed a yaktaur
   634 | D        | Noticed a polar bear
   636 | D        | Found a shimmering altar of Xom.
   636 | D        | Found a stormy altar of Qazlal.
   637 | D        | Noticed a polar bear
   647 | D        | Became a worshipper of Dithmenos the Shadowed
   651 | D        | Killed a hornet
   654 | D        | Killed a yaktaur
   654 | D        | Reached skill level 18 in Stealth
   654 | D        | Reached XP level 8. HP: 34/34 MP: 11/17
   666 | D        | Killed a polar bear
   666 | D        | Reached * piety under Dithmenos
   666 | D        | Reached skill level 19 in Stealth
   669 | D        | Killed a polar bear
   669 | D        | Reached skill level 15 in Hexes
   780 | D        | Killed a polar bear
   936 | D        | Noticed a death drake
   941 | D        | Noticed a death drake
   949 | D        | Noticed a crystal guardian
   952 | D        | HP: 1/35 [poisoned by a death drake (dark miasma)]
   956 | D        | Killed from afar by a death drake

Skill      XL: |  1  2  3  4  5  6  7  8 |
---------------+-------------------------+-----
Stealth        | 7 8 9 12 14 16 18 19 | 19.9
Spellcasting   | 4 5 |  5.7
Hexes          | 4 5 8 10 12 14 15 | 15.4
Short Blades   | |  1.1
Dodging        | |  3.0

Action                   |  1- 3 |  4- 6 |  7- 9 || total
-------------------------+-------+-------+-------++-------
Melee: Dagger            |    14 |    26 |    28 ||    68
 Cast: Confuse           |       |     9 |     6 ||    15
       Ensorcelled Hiber |       |     1 |     8 ||     9
  Use: Potion            |     1 |     1 |     2 ||     4
 Stab: Confused          |       |     4 |     6 ||    10
       Sleeping          |       |     1 |     6 ||     7
Armor: Robe              |       |       |     2 ||     2
Dodge: Dodged            |    10 |    13 |    18 ||    41
